 Dungeon Crawl Stone Soup version 0.25-a0-435-g4b9beb1024 (webtiles) character file.

Game seed: 16864971726873686745, levelgen mode: deterministic

130 ReteAZ the Firebug (level 5, -6/35 HPs)
             Began as a Human Fire Elementalist on Jan 26, 2020.
             Engulfed by a cloud of flame (29 damage)
             ... on level 2 of the Dungeon.
             The game lasted 00:05:37 (2042 turns).

ReteAZ the Firebug (Human Fire Elementalist)        Turns: 2042, Time: 00:05:37

Health: -6/35      AC:  3    Str:  8    XL:     5   Next: 36%
Magic:  3/9        EV: 13    Int: 17    God:
Gold:   60         SH:  0    Dex: 17    Spells: 5/9 levels left

rFire    . . .     SeeInvis .   e - -1 whip (curse)
rCold    . . .     Gourm    .   (no shield)
rNeg     . . .     Faith    .   a - +0 robe
rPois    .         Spirit   .   (no helmet)
rElec    .         Reflect  .   g - +0 cloak
rCorr    .         Harm     .   (no gloves)
MR       +....                  (no boots)
Stlth    ++........             (no amulet)
HPRegen  0.11/turn              i - ring of protection from magic
MPRegen  0.11/turn              d - +4 ring of dexterity

@: no status effects
A: no striking features
a: no special abilities


You were on level 2 of the Dungeon.
You were not hungry.

You visited 1 branch of the dungeon, and saw 2 of its levels.

You collected 60 gold pieces.

Inventory:

Hand Weapons
 e - a cursed -1 whip (weapon)
Armour
 a - a +0 robe (worn)
 g - a +0 cloak (worn)
Jewellery
 d - a +4 ring of dexterity (right hand)
 i - a ring of protection from magic (left hand)
 m - an uncursed ring of protection from magic
Scrolls
 f - a scroll of fog {unknown}
 k - a scroll of amnesia {unknown}
 n - a scroll of magic mapping {unknown}
 o - a scroll of remove curse {unknown}
Potions
 b - 3 potions of lignification {unknown}
 j - a potion of ambrosia {unknown}
 l - a potion of curing {unknown}
Comestibles
 c - 2 rations
 h - 5 chunks of flesh


   Skills:
 - Level 2.0 Dodging
 - Level 2.0 Stealth
 + Level 2.9 Spellcasting
 + Level 2.4 Conjurations
 * Level 4.5 Fire Magic


You had 5 spell levels left.
You knew the following spells:

 Your Spells              Type           Power        Failure   Level  Hunger
a - Foxfire               Conj/Fire      ##..         4%          1    #......
b - Conjure Flame         Conj/Fire      ##......     13%         3    ###....

Your spell library contained the following spells:

 Spells                   Type           Power        Failure   Level  Hunger
 Inner Flame              Hex/Fire       ##......     21%         3    ###....
 Sticky Flame             Conj/Fire      ##......     38%         4    #####..
 Fireball                 Conj/Fire      ##........   75%         5    ######.


Dungeon Overview and Level Annotations

Branches:
Dungeon (2/15)

Altars:


Message History

Some of the chunks of flesh in your inventory have rotted away.
You finish memorising.
Spell assigned to 'b'.
Casting: Foxfire (safe; 4% risk of failure)
Confirm with . or Enter, or press ? or * to list all spells.
The fire begins to smolder!
The fire ignites!
Casting: Conjure Flame (safe; 13% risk of failure)
Confirm with . or Enter, or press ? or * to list all spells.
You don't have enough magic to cast that spell.
You start resting.
Eating one of 6 chunks of flesh.
You eat one of the 6 chunks of flesh.
This raw flesh tastes terrible.
Magic restored.
Casting: Conjure Flame (safe; 13% risk of failure)
Confirm with . or Enter, or press ? or * to list all spells.
The fire begins to smolder!
Casting: Conjure Flame (safe; 13% risk of failure)
Confirm with . or Enter, or press ? or * to list all spells.
The fire ignites!
You are engulfed in blazing flames.
Ouch! That really hurt!
You die...

..........##....#+#.......
########.###...## #.....##
##.......# #......####
#...##..#######........#
#...##..#....)#........##
#...(((.).....#..........
#####..#########.÷.....##
#..#.......#÷.######
#..#).@....÷).#
#..#.......#..#
#..#########..#
#...'..÷..#...#
#...#.....#(..#
##..#######..##
#...#...#...#
#..)##.##...#
###..#)#...##


There were no monsters in sight!

Vanquished Creatures
  A howler monkey (D:2)
  An orc wizard (D:2)
  An adder (D:2)
  2 oozes (D:2)
  A worm (D:2)
  A dart slug (D:2)
  A leopard gecko (D:2)
  3 giant cockroaches
  5 goblins
  8 hobgoblins
  A quokka (D:2)
  A ball python (D:1)
  3 bats
  2 frilled lizards (D:2)
  8 kobolds
  2 rats
41 creatures vanquished.

Vanquished Creatures (others)
  A goblin (D:2)
  112 foxfires
113 creatures vanquished.

Grand Total: 154 creatures vanquished

Notes
Turn   | Place    | Note
-------+----------+-------------------------------------------
     0 | D:1      | ReteAZ the Human Fire Elementalist began the quest for the
                  | Orb.
     0 | D:1      | Reached XP level 1. HP: 13/13 MP: 3/3
   486 | D:1      | Reached XP level 2. HP: 19/19 MP: 1/5
  1287 | D:2      | Reached XP level 3. HP: 10/24 MP: 0/6
  1755 | D:2      | Reached skill level 4 in Fire Magic
  1755 | D:2      | Reached XP level 4. HP: 30/30 MP: 1/7
  1918 | D:2      | Reached XP level 5. HP: 24/35 MP: 0/9
  1973 | D:2      | Learned a level 3 spell: Conjure Flame
  2042 | D:2      | Engulfed by a cloud of flame

Levels and vault maps discovered:
D:1:      minmay_arrival_three_doors, layout_basic, hex_tiny
D:2:      layout_rooms, lemuel_round_altar, first_ration, st_stairs_7,
          minmay_divided_ellipse

Skill      XL: |  1  2  3  4 |
---------------+-------------+-----
Fire Magic     | 4 |  4.5
Conjurations   | 2 |  2.4
Dodging        | |  2.0
Stealth        | |  2.0
Spellcasting   | |  2.9

Action                   |  1- 3 |  4- 6 || total
-------------------------+-------+-------++-------
Melee: Unarmed           |    11 |       ||    11
       Whip              |    22 |    28 ||    50
 Cast: Foxfire           |    50 |    17 ||    67
       Conjure Flame     |       |     3 ||     3
  Eat: Chunk             |     3 |     2 ||     5
Armor: Robe              |    17 |     9 ||    26
Dodge: Dodged            |    38 |    21 ||    59

Table legend:
 A = Non-vault XP
 B = Vault XP
 C = Vault XP percentage of total XP
 D = Non-vault monster count
 E = Vault monster count
 F = Vault count percentage of total count
                 A         B        C        D         E       F
            +---------+---------+-------+---------+---------+-------
      Total |      66 |     121 |  64.7 |      29 |      13 |  31.0
            +---------+---------+-------+---------+---------+-------
        D:1 |      21 |       2 |   8.7 |      13 |       1 |   7.1
        D:2 |      45 |     119 |  72.6 |      16 |      12 |  42.9
            +---------+---------+-------+---------+---------+-------
